 Dungeon Crawl Stone Soup version 0.29.1-2-gbd0b4ee654 (webtiles) character file.

Game seed: 12183637991207224320

63 Goreval the Insei (level 4, -3/30 (38) HPs)
             Began as a Naga Transmuter on Nov 20, 2022.
             Slain by Terence
             ... wielding a +1 short sword of draining
              (4 damage)
             ... on level 2 of the Dungeon.
             The game lasted 00:04:54 (1684 turns).

Goreval the Insei (Naga Transmuter)                 Turns: 1684, Time: 00:04:55

HP:   -3/30 (38)    AC:  2    Str: 12    XL:     4   Next: 9%
MP:   7/7           EV: 10    Int: 15    God:
Gold: 147           SH:  0    Dex: 12    Spells: 1/7 levels left

rFire   . . .      SeeInvis +     - Unarmed
rCold   . . .      Faith    .   (no shield)
rNeg    . . .      Spirit   .   a - +0 robe
rPois   +          Reflect  .   (no helmet)
rElec   .          Harm     .   (no cloak)
rCorr   .          Rampage  .   (no gloves)
Will    .....                   (no barding)
Stlth   +.........              (no amulet)
HPRegen 0.10/turn               (no ring)
MPRegen 0.10/turn               (no ring)

@: short of breath, heavily drained, very slow
A: AC +1, large, see invisible, deformed body, poison resistance, slowness 2,
spit poison 1, naga tail 1
a: Spit Poison


You were on level 2 of the Dungeon.
You visited 1 branch of the dungeon, and saw 2 of its levels.

You collected 147 gold pieces.

Inventory:

Missiles
 l - 2 stones
Armour
 a - a +0 robe (worn)
Scrolls
 c - 2 scrolls of identify {unknown}
 f - a scroll of magic mapping {unknown}
 g - a scroll of teleportation {unknown}
 i - a scroll of immolation {unknown}
 k - a scroll of fear {unknown}
Potions
 b - a potion of lignification
 d - 2 potions of haste {unknown}
 e - a potion of resistance {unknown}
 h - 2 potions of invisibility {unknown}
 j - a potion of might {unknown}


   Skills:
 + Level 1.5 Fighting
 + Level 1.9 Dodging
 * Level 3.5 Unarmed Combat
 + Level 2.3 Spellcasting
 * Level 2.7 Transmutations
 + Level 1.0 Poison Magic


You had one spell level left.
You knew the following spells:

 Your Spells              Type           Power      Damage    Failure   Level
a - Beastly Appendage     Tmut           18%        N/A       7%          1
b - Wereblood             Tmut           9%         N/A       11%         2
c - Spider Form           Tmut/Pois      7%         N/A       30%         3

Your spell library contained the following spells:

 Spells                   Type           Power      Damage    Failure   Level
 Ignite Poison            Fire/Tmut/Pois 5%         N/A       36%         3
 Conjure Flame            Conj/Fire      1%         6-21      54%         3
 Gell's Gravitas          Tloc           1%         N/A       54%         3
 Teleport Other           Tloc           1%         N/A       54%         3
 Ice Form                 Ice/Tmut       5%         N/A       77%         4
 Sticky Flame             Conj/Fire      1%         2d3       91%         4
 Dispersal                Tloc           0%         N/A       100%        6


Dungeon Overview and Level Annotations

Branches:
Dungeon (2/15)

Altars:

Annotations:
D:2 Terence


Innate Abilities, Weirdness & Mutations

Your serpentine skin is tough. (AC +1)
You have supernaturally acute eyesight. (SInv)
Armour fits poorly on your strangely shaped body.
Your system is resistant to poisons. (rPois)
You cover ground very slowly.
You can spit poison.
You have a snake-like lower body.


Message History

Okay, then.
Unknown command.
Aim: Terence, wielding a +1 short sword of draining and wearing a +0 chain mail (70% to hit)
The splash of poison hits Terence!
Terence is poisoned.
Terence says, "How do you enjoy it?"
You grow a pair of large bovine horns.
Your transformation is almost over.
You hit Terence but do no damage. You headbutt Terence, but do no damage.
You have got your breath back.
Aim: Terence, wielding a +1 short sword of draining and wearing a +0 chain mail (heavily wounded, poisoned, 70% to hit)
The splash of poison misses Terence.
Terence barely misses you.
You hit Terence but do no damage.
Terence hits you with a +1 short sword of draining.
You feel drained.
You hit Terence but do no damage.
Terence hits you with a +1 short sword of draining!
You feel drained.
You hit Terence but do no damage. Your headbutt misses Terence.
You have got your breath back.
Terence hits you with a +1 short sword of draining.
You feel drained.
Aim: Terence, wielding a +1 short sword of draining and wearing a +0 chain mail (heavily wounded, poisoned, 70% to hit)
The splash of poison hits Terence.
Terence hits you with a +1 short sword of draining.
You feel drained.
You hit Terence but do no damage. Your headbutt misses Terence.
Terence looks more healthy.
Terence closely misses you.
You closely miss Terence. Your headbutt misses Terence.
Terence hits you with a +1 short sword of draining!
You feel drained.
* * * LOW HITPOINT WARNING * * *
You closely miss Terence.
Terence hits you with a +1 short sword of draining!
* * * LOW HITPOINT WARNING * * *
You feel drained.
You hit Terence but do no damage.
Your horns disappear.
Terence hits you with a +1 short sword of draining.
You die...

#######...##..........#
..........##.########.##########
######.....#.# #.......[†.#
...###.....#†###### ##########.#
##................# #.#
####......#........ #.#
#.......#.###.## #.#
#.##.#.###.##.# #.###
#.##.##.#.###@# #...# #
#.##.###.####@####.# ###.# #
#.##.# #...........# #.#
#####.##.# #.###..###### #.#
..)...##.# #.###.### #.#
########.# #.#.....# #.# # #...#
#.#.....### #.# #
#.#####.........# #.# # #.#
#.........#.# #########.#


You could see Terence.

Vanquished Creatures
  3 adders (D:2)
  A dart slug (D:1)
  3 ball pythons
  5 endoplasms
  A giant cockroach (D:1)
  3 hobgoblins (D:1)
  4 jackals (D:2)
  A quokka (D:2)
  6 bats
  A goblin (D:1)
  4 rats
32 creatures vanquished.

Notes
Turn   | Place    | Note
-------+----------+-------------------------------------------
     0 | D:1      | Goreval the Naga Transmuter began the quest for the Orb.
     0 | D:1      | Reached XP level 1. HP: 18/18 MP: 3/3
   502 | D:1      | Reached XP level 2. HP: 25/25 MP: 5/5
   509 | D:1      | Learned a level 2 spell: Wereblood
   606 | D:1      | Found a faded altar of an unknown god.
  1036 | D:2      | Reached XP level 3. HP: 31/31 MP: 6/6
  1040 | D:2      | Learned a level 3 spell: Spider Form
  1093 | D:2      | Noticed Terence
  1601 | D:2      | Reached skill level 1 in Poison Magic
  1601 | D:2      | Reached XP level 4. HP: 38/38 MP: 5/7
  1683 | D:2      | HP: 1/32 [Terence/+1 short sword of draining (8)]
  1684 | D:2      | Slain by Terence

Illustrated notes

Levels and vault maps discovered:
D:1:      minmay_arrival_open_corners, layout_basic,
          hellmonk_ecumenical_altar_slurped_away
D:2:      layout_loops_ring, uniq_terence, uniq_crazy_yiuf_cottage

Skill      XL: |  1  2  3 |
---------------+----------+-----
Poison Magic   | 1 |  1.0
Fighting       | |  1.5
Dodging        | |  1.9
Unarmed Combat | |  3.5
Spellcasting   | |  2.3
Transmutations | |  2.7

Action                   |  1- 3 |  4- 6 || total
-------------------------+-------+-------++-------
Melee: Unarmed           |    32 |    16 ||    48
       Headbutt          |     6 |     2 ||     8
 Cast: Beastly Appendage |    18 |     2 ||    20
 Abil: Spit Poison       |    28 |     5 ||    33
Armor: Robe              |     8 |     2 ||    10
Dodge: Dodged            |    16 |     9 ||    25
